Map: Blackpink LE

Players

Escargot - Winner!

  • Race: Protoss Protoss
  • Spawn Location: 1:00

A.I. 1 (Medium)

  • Race: Terran Terran
  • Spawn Location: 7:00

VOD

Have the link to the VOD?

Description

Time

  • Played on: March 23, 2018, 11:51 p.m.
  • Length: 2:57
Show
View Real Time Build Order
Export as new Build Order

Escargot Protoss - Winner!

Build Orders: Cannon Rush 

Get SALT Encoding   

  12  0:01  Probe  
  13  0:16  Pylon  
  13  0:19  Probe  
  14  0:37  Probe  
  15  0:43  Forge  
  15  0:49  Probe  
  16  1:04  Probe  
  17  1:16  Probe  
  18  1:22  Pylon  
  18  1:28  Probe  
  19  1:40  Probe  
  20  1:49  Photon Cannon  
  20  1:52  Photon Cannon, Probe  
  20  1:54  Photon Cannon  
  21  2:00  Pylon  
  21  2:04  Probe  
  21  2:07  Pylon  
  22  2:16  Probe  
  23  2:25  Photon Cannon  
  23  2:26  Photon Cannon  
  23  2:30  Photon Cannon  
  23  2:33  Photon Cannon  
Show
View Real Time Build Order
Export as new Build Order

A.I. 1 (Medium) Terran 

Build Orders:  

Get SALT Encoding   

  12  0:00  SCV  
  13  0:13  SCV  
  14  0:18  Supply Depot  
  14  0:25  SCV  
  15  0:40  SCV  
  16  0:43  Barracks  
  16  0:48  Refinery  
  16  0:52  SCV  
  18  1:04  SCV  
  18  1:16  Supply Depot  
  18  1:29  Marine  
  18  1:32  Barracks, Orbital Command  
  19  1:42  Refinery  
  19  1:49  Barracks Tech Lab  
  19  2:06  Marine  
  20  2:08  Supply Depot  
  20  2:19  Marine  
  20  2:24  SCV  
  16  2:32  Marine  
  16  2:36  SCV  
Tags
 
Matchup
PvT
Spawn Locations
Cross Positions
Add a new tag
Caveats
  • Supply blocks, unpowered buildings, or Contaminate may cause inaccurate times.
  • Supply counts are checked every 10 seconds.